 Dungeon Crawl Stone Soup version 0.31-a0-702-gf82c85558f (webtiles) character file.

Game seed: 16373143755989964631

257 Essalna the Conjurer (level 5, -11/35 HPs)
             Began as a Demonspawn Conjurer on Sept 8, 2023.
             Mangled by Pikel
             ... wielding a +0 whip of electrocution
              (12 damage)
             ... on level 6 of the Dungeon.
             The game lasted 00:09:16 (3779 turns).

Essalna the Conjurer (Demonspawn Conjurer)          Turns: 3779, Time: 00:09:17

Health: -11/35     AC:  3    Str:  7    XL:     5   Next: 93%
Magic:  11/11      EV: 12    Int: 22    God:
Gold:   90         SH:  0    Dex: 11    Spells: 9/12 levels left

rFire   + . .        l - +4 short sword (venom)
rCold   + . .        (no shield)
rNeg    . . .        n - +1 robe {rC+ rF+}
rPois   .            (no helmet)
rElec   .            (no cloak)
rCorr   .            (no gloves)
SInv    .            (no boots)
Will    .....        (no amulet)
Stlth   ++           (no ring)
HPRegen 0.25/turn    (no ring)
MPRegen 0.12/turn

%: no passive effects
@: hasted, very quick
A: ignite blood 1, powered by death 1
a: no special abilities


You were on level 6 of the Dungeon.
You visited 2 branches of the dungeon, and saw 7 of its levels.

You collected 90 gold pieces.

Inventory:

Hand Weapons
 c - a +0 quarterstaff
 h - a +1 vampiric short sword
 l - a +4 short sword of venom (weapon)
Armour
 a - a +0 robe
 n - a +1 robe of resistance (worn)
Scrolls
 f - 2 scrolls of identify
 k - a scroll of revelation
Potions
 b - a potion of mutation
 d - a potion of haste
 e - a potion of resistance {unknown}
 g - a potion of heal wounds {unknown}
 i - a potion of curing
 j - a potion of enlightenment {unknown}
 o - a potion of degeneration {unknown}


   Skills:
 - Level 1.7 Dodging
 - Level 1.7 Stealth
 + Level 4.3 Spellcasting
 + Level 5.8 Conjurations


You had 9 spell levels left.
You knew the following spells:

 Your Spells              Type           Power      Damage    Failure   Level
a - Magic Dart            Conj           100%       1d8       1%          1
b - Searing Ray           Conj           60%        2d6       1%          2

Your spell library contained the following spells:

 Spells                   Type           Power      Damage    Failure   Level
 Dazzling Flash           Conj/Hex       34%        N/A       10%         3
 Tukima's Dance           Hex            4%         N/A       32%         3
 Fulminant Prism          Conj/Hex       8%         3d7       32%         4
 Iskenderun's Mystic Bla  Conj/Tloc      17%        2d5       32%         4
 Animate Armour           Summ/Erth      8%         N/A       73%         4
 Passage of Golubria      Tloc           4%         N/A       73%         4
 Summon Lightning Spire   Summ/Air       4%         N/A       73%         4
 Lee's Rapid Deconstruct  Erth           2%         3d4*      97%         5
 Yara's Violent Unravell  Hex/Tmut       2%         3d3       97%         5


Dungeon Overview and Level Annotations

Branches:
Dungeon (6/15)             Temple (1/1) D:4

Altars:
Ashenzari
Cheibriados
Hepliaklqana
Kikubaaqudgha
Makhleb
Qazlal
Wu Jian
Xom
Yredelemnul
Jiyva

Portals:
Ossuary: D:5

Annotations:
D:2 1 runed translucent door, Crazy Yiuf
D:6 Pikel


Innate Abilities, Weirdness & Mutations

Your demonic aura sometimes causes spilled blood to erupt in flames.
You regenerate a little health from kills.


Message History

That felt strangely unrewarding.
There is an open door here.
Things that are here:
a stone; a +0 dagger; a kobold corpse
There is an open door here.
A lemure comes into view.
Pikel shouts!
Found a mace.
You open the door.
A goblin zombie comes into view.
Found a stone staircase leading down.
You see here a +0 mace.
The lemure attacks as it pursues you! The lemure misses you.
You open the door.
A mummy comes into view.
The lemure hits you!
Found a sand-covered staircase.
Okay, then.
You hear the slow hiss of an avalanche of sand.
A lemure comes into view.
The lemure hits you. The lemure attacks as it pursues you! The lemure hits you!
* * * LOW HITPOINT WARNING * * *
There is a stone staircase leading down here.
Pikel hits you with a +0 whip of electrocution.
* * * LOW HITPOINT WARNING * * *
You climb downwards.
The orc wizard shouts!
You hear a shout!
There is a stone staircase leading up here.
It was a potion of haste.
You feel yourself speed up.
A hound comes into view.
Pikel hits you with a +0 whip of electrocution.
* * * LOW HITPOINT WARNING * * *
An orc comes into view. It is wielding a +0 club.
It was a potion of curing.
You feel better.
Pikel hits you with a +0 whip of electrocution.
* * * LOW HITPOINT WARNING * * *
You are electrocuted!
You die...
Pikel says, "See you in Hell!"

# ###.###
#.#####.o.o.h.
#....@.#
##....K......
#.###.....###
#. #.##### ..+
#.# #.. ...


You could see Pikel, a hound, an orc wizard and an orc.

Vanquished Creatures
  2 lemures (D:5)
  A scorpion (D:4)
  Jessica (D:3)
  Natasha (thrice) (D:2)
  Terence (D:2)
  3 worms
  4 dart slugs
  An orc (D:4)
  4 bats
  3 endoplasms
  2 giant cockroaches
  3 goblins
  6 hobgoblins
  4 jackals (D:2)
  A quokka (D:2)
  6 ball pythons
  A frilled lizard (D:3)
  8 kobolds
  6 rats
60 creatures vanquished.

Notes
Turn   | Place    | Note
-------+----------+-------------------------------------------
     0 | D:1      | Essalna the Demonspawn Conjurer began the quest for the
                  | Orb.
     0 | D:1      | Reached XP level 1. HP: 13/13 MP: 3/3
    99 | D:1      | Found a faded altar of an unknown god.
   556 | D:1      | Gained mutation: You regenerate a little health from kills.
                  | [demonic ancestry]
   556 | D:1      | Reached XP level 2. HP: 19/19 MP: 3/5
  1379 | D:2      | Reached XP level 3. HP: 24/24 MP: 4/7
  1538 | D:2      | Learned a level 2 spell: Searing Ray
  1825 | D:2      | Found a runed translucent door.
  1826 | D:2      | Noticed Crazy Yiuf
  1885 | D:2      | Noticed Terence
  1890 | D:2      | Killed Terence
  2034 | D:2      | Noticed Natasha
  2051 | D:2      | Killed Natasha
  2052 | D:2      | Reached skill level 5 in Conjurations
  2052 | D:2      | Reached XP level 4. HP: 15/30 MP: 5/9
  2191 | D:2      | Found Imappify's Vocational Training.
  2411 | D:2      | Noticed Natasha
  2417 | D:2      | Killed Natasha
  2433 | D:2      | Noticed Natasha
  2438 | D:2      | Killed Natasha
  2439 | D:2      | Gained mutation: Your demonic aura sometimes causes spilled
                  | blood to erupt in flames. [demonic ancestry]
  2439 | D:2      | Reached XP level 5. HP: 35/35 MP: 0/10
  2854 | D:3      | Noticed Jessica
  2858 | D:3      | Killed Jessica
  3615 | D:5      | Entered Level 5 of the Dungeon
  3637 | D:5      | Noticed Pikel
  3637 | D:5      | Noticed a lemure
  3637 | D:5      | Noticed a lemure
  3664 | D:4      | Found a staircase to the Ecumenical Temple.
  3670 | Temple   | Entered the Ecumenical Temple
  3725 | D:5      | Killed a lemure
  3736 | D:5      | Killed a lemure
  3750 | D:5      | Noticed a lemure
  3771 | D:5      | Found a sand-covered staircase.
  3772 | D:5      | Noticed a lemure
  3778 | D:6      | HP: 1/35 [Pikel/+0 whip of electrocution (3)]
  3779 | D:6      | Mangled by Pikel

Illustrated notes

Levels and vault maps discovered:
D:1:      shiori_arrival_oz, layout_loops_corners,
          ebering_ecumenical_altar_hall, minmay_close_crescents
D:2:      layout_loops_ring, nicolae_shop_vocational, uniq_natasha,
          uniq_crazy_yiuf_cottage, uniq_terence
D:3:      layout_basic, uniq_jessica
D:4:      cheibrodos_pilgrimage, layout_basic, minmay_temple_entry_from_below_a,
          minmay_increasing_density
D:5:      kennysheep_kobold_camp, layout_gridville, lemuel_tele_altar,
          nicolae_overflow_hidden_temple, nicolae_ossuary_entry_giza,
          corexii_mini_fake_secret_closet, uniq_menkaure, uniq_pikel
D:6:      layout_loops_ring, mainiacjoe_overflow_surrounded_room,
          nicolae_shop_national_dungeon_mall
Temple:   pf_slime_end_temple

Skill      XL: |  1  2  3  4  5 |
---------------+----------------+-----
Spellcasting   | 3 4 |  4.3
Conjurations   | 5 |  5.8
Dodging        | |  1.7
Stealth        | |  1.7

Action                     |  1- 3 |  4- 6 || total
---------------------------+-------+-------++-------
  Melee: Quarterstaff      |     6 |       ||     6
         Short sword       |     2 |     9 ||    11
   Cast: Magic Dart        |    67 |    47 ||   114
         Searing Ray       |     4 |     5 ||     9
    Use: Potion            |     1 |     2 ||     3
         Scroll            |       |     5 ||     5
 Armour: Robe              |    11 |    20 ||    31
  Dodge: Dodged            |     9 |    14 ||    23

Table legend: (Time is in decaauts)
 A = Elapsed time spent in this place.
 B = Non-inter-level travel time spent in this place.
 C = Inter-level travel time spent in this place.
 D = Time resting spent in this place.
 E = Time spent auto-exploring this place.
 F = Levels seen in this place.
 G = Mean time per level.
                   A        B        C        D        E       F      G
               +--------+--------+--------+--------+--------+-----+--------+
         Total |   3779 |   3514 |    265 |     45 |   3014 |   7 |  539.9 |
       Dungeon |   3778 |   3513 |    265 |     45 |   3014 |   6 |  629.7 |
        Temple |      1 |      1 |      0 |      0 |      0 |   1 |    1.0 |
               +--------+--------+--------+--------+--------+-----+--------+

Top non-repeatable levels by time:
     D:2: 1408 daAuts
     D:1: 1199 daAuts
     D:3: 961 daAuts
     D:4: 108 daAuts
     D:5: 98 daAuts
     D:6: 1 daAuts
  Temple: 1 daAuts
